Map: Jagannatha LE

Players

ShoWTimE - Winner!

  • Race: Protoss Protoss

Harstem

  • Race: Protoss Protoss

Event: DreamHack SC2 Masters 2021 Fall

VOD

Have the link to the VOD?

Description

Time

  • Played on: Aug. 4, 2021, 2:43 p.m.
  • Length: 10:06

All games in this series

Show
View Real Time Build Order
Export as new Build Order

ShoWTimE Protoss - Winner!

Build Orders: Phoenix Opening 

Get SALT Encoding   

  12  0:00  Probe  
  13  0:12  Probe  
  14  0:17  Pylon  
  14  0:24  Probe (Chrono Boost)  
  15  0:36  Probe (Chrono Boost)  
  15  0:37  Gateway  
  16  0:44  Probe (Chrono Boost)  
  16  0:46  Assimilator  
  17  0:50  Probe  
  18  1:03  Probe (Chrono Boost)  
  19  1:04  Assimilator  
  19  1:11  Gateway  
  19  1:13  Probe (Chrono Boost)  
  19  1:18  Probe (Chrono Boost)  
  20  1:25  Cybernetics Core  
  21  1:30  Probe  
  22  1:35  Pylon  
  22  1:42  Probe  
  23  1:54  Probe  
  26  2:01  Sentry, Stalker  
  26  2:02  Warp Gate (Chrono Boost)  
  26  2:07  Probe  
  29  2:15  Pylon  
  29  2:27  Stalker  
  31  2:33  Stalker  
  31  2:35  Phoenix  
  32  2:50  Nexus  
  32  2:52  Probe  
  35  2:58  Sentry  
  35  3:03  Sentry  
  37  3:06  Probe  
  37  3:09  Pylon  
  38  3:19  Probe (Chrono Boost)  
  39  3:23  Twilight Council  
  39  3:31  Probe (Chrono Boost)  
  40  3:40  Probe (Chrono Boost)  
  41  3:42  Phoenix  
  41  3:45  Probe  
  41  3:46  Adept x2  
  46  3:53  Forge  
  46  3:59  Probe (Chrono Boost)  
  47  4:03  Blink (Chrono Boost)  
  47  4:05  Probe (Chrono Boost)  
  49  4:13  Probe (Chrono Boost)  
  49  4:15  Probe (Chrono Boost)  
  50  4:21  Probe (Chrono Boost)  
  52  4:24  Probe (Chrono Boost)  
  52  4:27  Probe (Chrono Boost)  
  52  4:28  Protoss Ground Weapons Level 1  
  54  4:35  Robotics Facility, Probe  
  54  4:38  Probe  
  54  4:39  Shield Battery  
  54  4:43  Stalker  
  54  4:48  Probe  
  54  4:50  Probe  
  53  5:00  Probe  
  53  5:02  Nexus  
  53  5:03  Probe  
  53  5:05  Pylon  
  55  5:07  Assimilator  
  55  5:08  Phoenix  
  55  5:12  Probe  
  56  5:15  Probe  
  56  5:18  Stalker  
  56  5:19  Stalker  
  61  5:22  Observer (Chrono Boost)  
  61  5:24  Probe  
  61  5:27  Pylon, Probe  
  64  5:36  Probe  
  64  5:37  Gateway  
  64  5:38  Observer  
  64  5:39  Gateway, Probe  
  67  5:48  Probe  
  67  5:49  Adept x2  
  72  5:51  Probe  
  73  6:00  Gateway, Probe  
  73  6:03  Probe (Chrono Boost)  
  75  6:06  Phoenix  
  75  6:12  Gateway  
  75  6:14  Probe (Chrono Boost)  
  75  6:17  Probe (Chrono Boost)  
  78  6:21  Probe (Chrono Boost)  
  78  6:23  Probe (Chrono Boost)  
  78  6:26  Probe (Chrono Boost)  
  78  6:28  Charge, Probe (Chrono Boost)  
  78  6:30  Gateway  
  78  6:33  Protoss Ground Weapons Level 2 (Chrono Boost)  
  78  6:34  Stalker x3  
  78  6:36  Probe  
  78  6:38  Warp Prism (Chrono Boost)  
  78  6:39  Pylon  
  86  6:48  Pylon  
  86  6:57  Stalker  
  86  6:58  Stalker x2  
  92  7:05  Pylon  
  88  7:09  Stalker x3  
  90  7:18  Nexus  
  90  7:20  Probe x3  
  93  7:27  Stalker x3  
  95  7:31  Warp Prism (Chrono Boost)  
  95  7:34  Gateway  
  97  7:43  Zealot x4  
  105  7:47  Gateway  
  104  7:54  Gateway  
  104  7:57  Pylon  
  104  8:00  Zealot x2  
  104  8:01  Phoenix  
  104  8:04  Templar Archives  
  104  8:05  Zealot x2  
  110  8:11  Pylon  
  110  8:12  Pylon  
  112  8:13  Zealot  
  112  8:16  Zealot x2  
  116  8:21  Pylon  
  116  8:25  Pylon  
  116  8:33  Zealot x5  
  126  8:46  High Templar  
  126  8:47  High Templar, Zealot x2  
  134  8:50  Archon  
  134  8:52  Zealot  
  134  8:53  Zealot x5  
  146  9:05  Pylon, Observer  
  146  9:07  Observer  
  147  9:13  Zealot x8  
  157  9:18  Zealot  
  157  9:22  Zealot  
  131  9:27  Observer  
  129  9:33  Zealot, Stalker x2  
  132  9:40  Zealot x5  
  132  9:41  Zealot  
  140  9:46  Zealot  
Show
View Real Time Build Order
Export as new Build Order

Harstem Protoss 

Build Orders: Phoenix Opening 

Get SALT Encoding   

  12  0:00  Probe  
  13  0:13  Probe  
  14  0:17  Pylon  
  14  0:25  Probe (Chrono Boost)  
  15  0:37  Gateway, Probe (Chrono Boost)  
  16  0:45  Probe (Chrono Boost)  
  16  0:47  Assimilator  
  17  0:51  Probe  
  17  0:54  Assimilator  
  18  1:03  Probe (Chrono Boost)  
  19  1:08  Gateway  
  19  1:12  Probe (Chrono Boost)  
  19  1:17  Probe (Chrono Boost)  
  20  1:25  Cybernetics Core  
  21  1:29  Probe  
  22  1:40  Pylon  
  22  1:42  Probe  
  23  1:58  Probe  
  24  2:01  Stalker  
  24  2:03  Warp Gate  
  24  2:05  Stalker  
  29  2:16  Pylon  
  28  2:27  Shield Battery  
  28  2:33  Sentry  
  32  2:42  Nexus  
  31  2:44  Probe  
  31  2:48  Sentry  
  33  2:54  Shield Battery  
  33  2:58  Probe (Chrono Boost)  
  33  3:02  Sentry  
  36  3:07  Phoenix  
  36  3:09  Pylon  
  36  3:11  Probe (Chrono Boost)  
  37  3:16  Probe (Chrono Boost)  
  38  3:27  Twilight Council, Probe (Chrono Boost)  
  39  3:37  Probe (Chrono Boost)  
  40  3:42  Probe (Chrono Boost)  
  41  3:52  Adept  
  41  3:53  Adept  
  41  3:54  Probe (Chrono Boost)  
  47  3:59  Probe (Chrono Boost)  
  47  4:00  Forge  
  47  4:03  Blink (Chrono Boost)  
  47  4:04  Probe (Chrono Boost)  
  47  4:07  Probe (Chrono Boost)  
  47  4:09  Probe (Chrono Boost)  
  50  4:18  Probe  
  50  4:21  Probe  
  52  4:29  Pylon  
  52  4:30  Probe  
  53  4:32  Shield Battery  
  53  4:33  Probe  
  54  4:43  Probe  
  54  4:45  Protoss Ground Weapons Level 1 (Chrono Boost), Phoenix, Probe  
  56  4:48  Nexus  
  56  4:50  Robotics Facility  
  52  4:55  Probe  
  52  4:56  Stalker  
  55  5:01  Probe  
  55  5:03  Pylon  
  55  5:06  Assimilator  
  56  5:07  Stalker  
  56  5:09  Probe  
  56  5:13  Probe  
  60  5:18  Gateway  
  60  5:20  Gateway  
  60  5:21  Probe  
  60  5:25  Probe  
  60  5:27  Stalker  
  64  5:33  Shield Battery  
  64  5:34  Probe  
  65  5:37  Stalker, Probe  
  68  5:46  Probe  
  68  5:49  Probe  
  70  5:52  Stalker  
  72  5:58  Probe  
  72  5:59  Charge  
  72  6:02  Stalker, Probe  
  76  6:10  Probe  
  77  6:12  Probe  
  77  6:15  Stalker x2  
  77  6:16  Stalker  
  77  6:17  Phoenix  
  84  6:18  Probe (Chrono Boost)  
  84  6:22  Probe (Chrono Boost)  
  84  6:25  Probe (Chrono Boost)  
  83  6:30  Probe (Chrono Boost)  
  84  6:35  Probe (Chrono Boost)  
  84  6:36  Gateway, Probe (Chrono Boost)  
  84  6:37  Gateway, Probe (Chrono Boost)  
  84  6:38  Gateway  
  87  6:41  Stalker x2  
  87  6:43  Gateway  
  87  6:44  Observer  
  87  6:46  Pylon  
  92  6:52  Pylon  
  92  6:59  Nexus  
  92  7:01  Pylon  
  92  7:09  Protoss Ground Weapons Level 2 (Chrono Boost)  
  86  7:16  Stalker x4  
  86  7:17  Probe x2  
  86  7:19  Probe  
  95  7:29  Probe  
  92  7:30  Pylon  
  92  7:32  Pylon  
  92  7:33  Probe  
  92  7:35  Photon Cannon, Dark Shrine  
  93  7:38  Shield Battery, Zealot x2, Stalker  
  93  7:40  Probe  
  93  7:42  Probe  
  93  7:43  Observer, Stalker  
  103  7:48  Stalker  
  105  7:52  Stalker  
  105  7:53  Stalker  
  105  7:57  Probe  
  105  7:58  Photon Cannon  
  110  7:59  Probe  
  111  8:07  Zealot x4  
  111  8:09  Probe  
  120  8:16  Probe  
  120  8:18  Probe  
  120  8:19  Photon Cannon, Probe  
  123  8:21  Probe  
  123  8:22  Sentry, Zealot x2  
  130  8:36  Zealot x5  
  130  8:38  Pylon x2  
  140  8:44  Zealot x2  
  140  8:46  Gateway  
  143  8:51  Gateway  
  143  8:52  Probe  
  143  8:56  Dark Templar  
  143  8:57  Dark Templar  
  147  9:04  Zealot x6  
  147  9:05  Probe  
  147  9:06  Pylon  
  160  9:12  Robotics Bay  
  160  9:17  Robotics Facility  
  153  9:22  Zealot x3  
  153  9:23  Zealot  
  120  9:25  Probe  
  120  9:26  Dark Templar  
  120  9:30  Zealot x3  
  114  9:33  Probe  
  113  9:43  Probe  
  98  9:45  Dark Templar  
  98  9:46  Dark Templar  
  98  9:47  Zealot x4  
  98  9:52  Zealot x3  

Tags
 
Add a new tag
Caveats
  • Supply blocks, unpowered buildings, or Contaminate may cause inaccurate times.
  • Supply counts are checked every 10 seconds.